| TOP OF THE 1ST |
|
University of Toronto Marlies batting - Pitching for University of South Carolina Gamecocks : RHP Jabari Gatewood
|
|
Pitching: RHP Jabari Gatewood
|
|
|
Batting: RHB Charlie Townend
|
0-0: Ball 1-0: Fly out, F9 (Line Drive, 9S, EV 96.9 MPH)
|
|
Batting: LHB Mitch Melton
|
0-0: Called Strike 0-1: Foul Ball, location: 2F 0-2: Fly out, F7 (Line Drive, 7S, EV 91.2 MPH)
|
|
Batting: SHB Conrade Gordon
|
0-0: Called Strike 0-1: Swinging Strike 0-2: Ball 1-2: Ball 2-2: Ball 3-2: Fly out, F5 (Line Drive, 5L, EV 64.4 MPH)
|
| Top of the 1st over - 0 runs, 0 hits, 0 errors, 0 left on base; University of Toronto 0 - University of South Carolina 0 |
| BOTTOM OF THE 1ST |
|
University of South Carolina Gamecocks batting - Pitching for University of Toronto Marlies : LHP Ryan Quintero
|
|
Pitching: LHP Ryan Quintero
|
|
|
Batting: LHB Chris McNay
|
0-0: Ground out 4-3 (Groundball, 34D, EV 86.9 MPH)
|
|
Batting: RHB Brian Passalacqua
|
0-0: Ball 1-0: Foul Ball, location: 2F 1-1: Ball 2-1: Fly out, F6 (Popup, 4S, EV 83.1 MPH)
|
|
Batting: SHB Keith Mihas
|
0-0: Called Strike 0-1: Ground out 6-3 (Groundball, 6, EV 81.2 MPH)
|
| Bottom of the 1st over - 0 runs, 0 hits, 0 errors, 0 left on base; University of Toronto 0 - University of South Carolina 0 |
| TOP OF THE 2ND |
|
University of Toronto Marlies batting - Pitching for University of South Carolina Gamecocks : RHP Jabari Gatewood
|
|
Batting: RHB Todd Maybury
|
0-0: Ball 1-0: SINGLE (Groundball, 6MS, EV 65.6 MPH) (infield hit)
|
|
Batting: RHB Luke Stannard
|
0-0: Ball 1-0: Foul Ball, location: 2F 1-1: Fly out, F7 (Flyball, 7, EV 78.8 MPH)
|
|
Batting: RHB Steve Campeau
|
0-0: Ball 1-0: Grounds into double play, 4-6-3 (Groundball, 4, EV 85.0 MPH)
|
| Top of the 2nd over - 0 runs, 1 hit, 0 errors, 0 left on base; University of Toronto 0 - University of South Carolina 0 |
| BOTTOM OF THE 2ND |
|
University of South Carolina Gamecocks batting - Pitching for University of Toronto Marlies : LHP Ryan Quintero
|
|
Batting: RHB Justin Kurutz
|
0-0: Ball 1-0: Foul Ball, location: 2F 1-1: Foul Ball, location: 2F 1-2: Ground out 5-3 (Groundball, 5, EV 102.5 MPH)
|
|
Batting: RHB Lance Neldon
|
0-0: Ball 1-0: Called Strike 1-1: Foul Ball, location: 2F 1-2: Foul Ball, location: 2F 1-2: SINGLE (Groundball, 6D, EV 94.4 MPH)
|
|
Batting: RHB Phil Hanley
|
0-0: Ball 1-0: Ball 2-0: Foul Ball, location: 2F 2-1: Ball 3-1: Foul Ball, location: 2F 3-2: Foul Ball, location: 2F 3-2: Fielders Choice at 2nd, 6-4 (Groundball, 6M, EV 99.4 MPH)
|
|
Batting: RHB Ben Turner
|
0-0: Called Strike 0-1: Foul Ball, location: 2F 0-2: Ball 1-2: Ball 2-2: Strikes out swinging
|
| Bottom of the 2nd over - 0 runs, 1 hit, 0 errors, 1 left on base; University of Toronto 0 - University of South Carolina 0 |
| TOP OF THE 3RD |
|
University of Toronto Marlies batting - Pitching for University of South Carolina Gamecocks : RHP Jabari Gatewood
|
|
Batting: SHB Jake Seymour
|
0-0: Swinging Strike 0-1: Ball 1-1: SINGLE (Groundball, 56, EV 108.1 MPH)
|
|
Batting: RHB John Wilson
|
0-0: Called Strike 0-1: Ball 1-1: Ball 2-1: Ball 3-1: Base on Balls Jake Seymour to second
|
|
Batting: RHB Kevin McGaughey
|
0-0: Ball 1-0: Fielders Choice at 2nd, 5-4 (Groundball, 15, EV 87.5 MPH) Jake Seymour to third
|
|
Batting: RHB Charlie Townend
|
0-0: Ball 1-0: Foul Ball, location: 2F 1-1: Ball 2-1: Foul Ball, location: 2F 2-2: Fly out, F7 (Flyball, 7LM, EV 80.6 MPH) Runner from 3rd tags up, SCORES, throw by LF
|
|
Batting: LHB Mitch Melton
|
0-0: Ball 1-0: Called Strike 1-1: Swinging Strike 1-2: Strikes out swinging, 2-3 out at first.
|
| Top of the 3rd over - 1 run, 1 hit, 0 errors, 1 left on base; University of Toronto 1 - University of South Carolina 0 |
| BOTTOM OF THE 3RD |
|
University of South Carolina Gamecocks batting - Pitching for University of Toronto Marlies : LHP Ryan Quintero
|
|
Batting: RHB Steve Gibson
|
0-0: Called Strike 0-1: Fly out, F8 (Flyball, 78S, EV 89.4 MPH)
|
|
Batting: RHB Danny Narvaez
|
0-0: Fly out, F4 (Popup, 4, EV 55.6 MPH)
|
|
Batting: LHB Chris McNay
|
0-0: Called Strike 0-1: Foul Ball, location: 2F 0-2: Ball 1-2: Ball 2-2: Foul Ball, location: 2F 2-2: Foul Ball, location: 2F 2-2: Fly out, F9 (Flyball, 89D, EV 86.9 MPH)
|
| Bottom of the 3rd over - 0 runs, 0 hits, 0 errors, 0 left on base; University of Toronto 1 - University of South Carolina 0 |
| TOP OF THE 4TH |
|
University of Toronto Marlies batting - Pitching for University of South Carolina Gamecocks : RHP Jabari Gatewood
|
|
Batting: SHB Conrade Gordon
|
0-0: Ball 1-0: Ball 2-0: Called Strike 2-1: Ground out 6-3 (Groundball, 6, EV 99.4 MPH)
|
|
Batting: RHB Todd Maybury
|
0-0: Called Strike 0-1: Ball 1-1: Ball 2-1: Foul Ball, location: 2F 2-2: Foul Ball, location: 2F 2-2: Foul Ball, location: 2F 2-2: Ball 3-2: Fly out, F8 (Flyball, 8LS, EV 93.8 MPH)
|
|
Batting: RHB Luke Stannard
|
0-0: Called Strike 0-1: Ball 1-1: Ball 2-1: Foul Ball, location: 2F 2-2: Strikes out swinging
|
| Top of the 4th over - 0 runs, 0 hits, 0 errors, 0 left on base; University of Toronto 1 - University of South Carolina 0 |
| BOTTOM OF THE 4TH |
|
University of South Carolina Gamecocks batting - Pitching for University of Toronto Marlies : LHP Ryan Quintero
|
|
Batting: RHB Brian Passalacqua
|
0-0: SINGLE (Line Drive, 5D, EV 101.2 MPH)
|
|
Batting: SHB Keith Mihas
|
0-0: Ball 1-0: Ball 2-0: Foul Ball, location: 2F 2-1: Ball 3-1: Called Strike 3-2: Foul Ball, location: 2F 3-2: Foul Ball, location: 2F 3-2: Strikes out swinging
|
|
Batting: RHB Justin Kurutz
|
0-0: Ball 1-0: Foul Ball, location: 2F 1-1: Fielders Choice at 2nd, 6-4 (Groundball, 6, EV 101.2 MPH)
|
|
Batting: RHB Lance Neldon
|
0-0: Fly out, F7 (Flyball, 78S, EV 90.6 MPH)
|
| Bottom of the 4th over - 0 runs, 1 hit, 0 errors, 1 left on base; University of Toronto 1 - University of South Carolina 0 |
| TOP OF THE 5TH |
|
University of Toronto Marlies batting - Pitching for University of South Carolina Gamecocks : RHP Jabari Gatewood
|
|
Batting: RHB Steve Campeau
|
0-0: Swinging Strike 0-1: Fly out, F6 (Popup, 6MD, EV 71.2 MPH)
|
|
Batting: SHB Jake Seymour
|
0-0: Fly out, F7 (Flyball, 7, EV 93.1 MPH)
|
|
Batting: RHB John Wilson
|
0-0: Ball 1-0: Ball 2-0: Ground out 5-3 (Groundball, 56, EV 77.5 MPH)
|
| Top of the 5th over - 0 runs, 0 hits, 0 errors, 0 left on base; University of Toronto 1 - University of South Carolina 0 |
| BOTTOM OF THE 5TH |
|
University of South Carolina Gamecocks batting - Pitching for University of Toronto Marlies : LHP Ryan Quintero
|
|
Batting: RHB Phil Hanley
|
0-0: Ball 1-0: Ball 2-0: Fly out, F7 (Flyball, 78M, EV 96.2 MPH)
|
|
Batting: RHB Ben Turner
|
0-0: Ball 1-0: Ball 2-0: Called Strike 2-1: Foul Ball, location: 2F 2-2: Ball 3-2: Ground out 5-3 (Groundball, 5L, EV 99.4 MPH)
|
|
Batting: RHB Steve Gibson
|
0-0: Ball 1-0: Ground out 6-3 (Groundball, 6, EV 81.9 MPH)
|
| Bottom of the 5th over - 0 runs, 0 hits, 0 errors, 0 left on base; University of Toronto 1 - University of South Carolina 0 |
| TOP OF THE 6TH |
|
University of Toronto Marlies batting - Pitching for University of South Carolina Gamecocks : RHP Jabari Gatewood
|
|
Batting: RHB Kevin McGaughey
|
0-0: Called Strike 0-1: Foul Ball, location: 2F 0-2: Ground out 5-3 (Groundball, 56S, EV 85.0 MPH)
|
|
Batting: RHB Charlie Townend
|
0-0: Called Strike 0-1: Foul Ball, location: 2F 0-2: Ball 1-2: Foul Ball, location: 2F 1-2: Strikes out swinging
|
|
Batting: LHB Mitch Melton
|
0-0: Fly out, F3 (Popup, 3, EV 76.2 MPH)
|
| Top of the 6th over - 0 runs, 0 hits, 0 errors, 0 left on base; University of Toronto 1 - University of South Carolina 0 |
| BOTTOM OF THE 6TH |
|
University of South Carolina Gamecocks batting - Pitching for University of Toronto Marlies : LHP Ryan Quintero
|
|
Batting: RHB Danny Narvaez
|
0-0: Ball 1-0: SINGLE (Groundball, 56D, EV 95.0 MPH)
|
|
Batting: LHB Chris McNay
|
0-0: Ball 1-0: Ball 2-0: Ball 3-0: Base on Balls Danny Narvaez to second
|
|
Batting: RHB Brian Passalacqua
|
0-0: Ball 1-0: Ball 2-0: Ball 3-0: Base on Balls Danny Narvaez to third Chris McNay to second
|
|
Batting: SHB Keith Mihas
|
0-0: Ball 1-0: SINGLE (Line Drive, 8RS, EV 93.1 MPH) Danny Narvaez scores Chris McNay to third Brian Passalacqua to second Runner from 3rd tries for Home, SAFE, throw by CF to home
|
|
Batting: RHB Justin Kurutz
|
0-0: Ball 1-0: Ball 2-0: Fielders Choice at 2nd, 3-6 (Groundball, 3, EV 88.1 MPH) Brian Passalacqua to third
|
|
Batting: RHB Lance Neldon
|
0-0: Swinging Strike 0-1: Ball 1-1: Foul Ball, location: 2F 1-2: Foul Ball, location: 2F 1-2: Ball 2-2: Strikes out looking
|
|
Batting: RHB Phil Hanley
|
0-0: Ball 1-0: Foul Ball, location: 2F 1-1: Swinging Strike 1-2: Ball 2-2: Ground out 2-3 (Groundball, 2L, EV 66.2 MPH)
|
| Bottom of the 6th over - 2 runs, 2 hits, 0 errors, 2 left on base; University of Toronto 1 - University of South Carolina 2 |
| TOP OF THE 7TH |
|
University of Toronto Marlies batting - Pitching for University of South Carolina Gamecocks : RHP Jabari Gatewood
|
|
Batting: SHB Conrade Gordon
|
0-0: Called Strike 0-1: Foul Ball, location: 2F 0-2: Ball 1-2: Foul Ball, location: 2F 1-2: Ball 2-2: Foul Ball, location: 2F 2-2: Strikes out swinging
|
|
Batting: RHB Todd Maybury
|
0-0: Ball 1-0: Called Strike 1-1: Fly out, F8 (Flyball, 8LD, EV 100.0 MPH)
|
|
Batting: RHB Luke Stannard
|
0-0: Called Strike 0-1: Foul Ball, location: 2F 0-2: Strikes out swinging
|
| Top of the 7th over - 0 runs, 0 hits, 0 errors, 0 left on base; University of Toronto 1 - University of South Carolina 2 |
| BOTTOM OF THE 7TH |
|
University of South Carolina Gamecocks batting - Pitching for University of Toronto Marlies : LHP Ryan Quintero
|
|
Pitching: LHP Nick Holt
|
|
|
Batting: RHB Ben Turner
|
0-0: Ball 1-0: Ball 2-0: Foul Ball, location: 2F 2-1: Foul Ball, location: 2F 2-2: Strikes out swinging
|
|
Batting: RHB Steve Gibson
|
0-0: Ball 1-0: Called Strike 1-1: Ground out 6-3 (Groundball, 6, EV 85.0 MPH)
|
|
Batting: RHB Danny Narvaez
|
0-0: Swinging Strike 0-1: Swinging Strike 0-2: Ball 1-2: Strikes out swinging
|
| Bottom of the 7th over - 0 runs, 0 hits, 0 errors, 0 left on base; University of Toronto 1 - University of South Carolina 2 |
| TOP OF THE 8TH |
|
University of Toronto Marlies batting - Pitching for University of South Carolina Gamecocks : RHP Jabari Gatewood
|
|
Pitching: RHP Jop van Grootveld
|
|
|
Batting: RHB Steve Campeau
|
0-0: Fly out, F7 (Flyball, 7, EV 94.4 MPH)
|
|
Batting: SHB Jake Seymour
|
0-0: Called Strike 0-1: Fly out, F9 (Flyball, 9D, EV 107.5 MPH)
|
|
Batting: RHB John Wilson
|
0-0: Called Strike 0-1: Ball 1-1: Foul Ball, location: 2F 1-2: Foul Ball, location: 2F 1-2: Ball 2-2: Fly out, F8 (Flyball, 8LM, EV 84.4 MPH)
|
| Top of the 8th over - 0 runs, 0 hits, 0 errors, 0 left on base; University of Toronto 1 - University of South Carolina 2 |
| BOTTOM OF THE 8TH |
|
University of South Carolina Gamecocks batting - Pitching for University of Toronto Marlies : LHP Nick Holt
|
|
Batting: LHB Chris McNay
|
0-0: Swinging Strike 0-1: Ball 1-1: Ball 2-1: Called Strike 2-2: SINGLE (Groundball, 4MD, EV 100.0 MPH)
|
|
Batting: RHB Brian Passalacqua
|
0-0: Swinging Strike 0-1: Ball 1-1: Fielders Choice at 2nd, 6-4 (Groundball, 6, EV 81.9 MPH)
|
|
Batting: SHB Keith Mihas
|
0-0: 2-RUN HOME RUN (Flyball, 7D, EV 102.5 MPH), Distance : 404 ft
|
|
Batting: RHB Justin Kurutz
|
0-0: Ball 1-0: Ball 2-0: Ball 3-0: Base on Balls
|
|
Pitching: RHP Brad Cannell
|
|
|
Batting: RHB Lance Neldon
|
0-0: Ball 1-0: Ball 2-0: Reached on error, E4 (Groundball, 4, EV 91.9 MPH) Justin Kurutz to second
|
|
Batting: RHB Phil Hanley
|
0-0: Ball Wild Pitch! Justin Kurutz to third Lance Neldon to second 1-0: Called Strike 1-1: 3-RUN HOME RUN (Line Drive, 89XD, EV 110.6 MPH), Distance : 420 ft
|
|
Batting: RHB Ben Turner
|
0-0: Foul Ball, location: 2F 0-1: Called Strike 0-2: Ball 1-2: Fly out, F8 (Line Drive, 8RD, EV 101.9 MPH)
|
|
Batting: RHB Steve Gibson
|
0-0: Swinging Strike 0-1: Ball 1-1: Ball 2-1: SINGLE (Groundball, 34D, EV 103.8 MPH)
|
|
Batting: RHB Danny Narvaez
|
0-0: Foul Ball, location: 2F 0-1: Ball 1-1: Ground out 5-3 (Groundball, 56, EV 103.1 MPH)
|
| Bottom of the 8th over - 5 runs, 4 hits, 1 error, 1 left on base; University of Toronto 1 - University of South Carolina 7 |
| TOP OF THE 9TH |
|
University of Toronto Marlies batting - Pitching for University of South Carolina Gamecocks : RHP Jop van Grootveld
|
|
Pinch Hitting: RHB Konrad van Pelt
|
0-0: Foul Ball, location: 2F 0-1: Called Strike 0-2: Strikes out looking
|
|
Batting: RHB Charlie Townend
|
0-0: Ball 1-0: Swinging Strike 1-1: Foul Ball, location: 2F 1-2: Ball 2-2: Foul Ball, location: 2F 2-2: Ball 3-2: SINGLE (Groundball, 4MD, EV 98.8 MPH)
|
|
Batting: LHB Mitch Melton
|
0-0: Foul Ball, location: 2F 0-1: Foul Ball, location: 2F 0-2: Ball 1-2: Foul Ball, location: 2F 1-2: Strikes out swinging
|
|
Batting: SHB Conrade Gordon
|
0-0: Ball 1-0: Called Strike 1-1: Swinging Strike 1-2: Foul Ball, location: 2F 1-2: Foul Ball, location: 2F 1-2: Strikes out swinging
|
| Top of the 9th over - 0 runs, 1 hit, 0 errors, 1 left on base; University of Toronto 1 - University of South Carolina 7 |
|